 Dungeon Crawl Stone Soup version 0.31.0-12-g77e489cdc1 (webtiles) character file.

Game seed: 13553403896634767411

560 Marvel the Chopper (level 7, -1/61 HPs)
             Began as a Hill Orc Fighter on Feb 24, 2024.
             Was an Initiate of Okawaru.
             Succumbed to Ijyb's poison
             ... on level 4 of the Dungeon.
             The game lasted 00:05:25 (3173 turns).

Marvel the Chopper (Hill Orc Fighter)               Turns: 3173, Time: 00:05:26

Health: -1/61      AC:  9    Str: 21    XL:     7   Next: 31%
Magic:  7/7        EV:  9    Int:  8    God:    Okawaru [......]
Gold:   180        SH:  6    Dex: 10    Spells: 6/6 levels left

rFire   . . .        a - +0 war axe
rCold   . . .        m - +2 buckler
rNeg    . . .        b - +0 scale mail
rPois   .            (no helmet)
rElec   .            s - +0 cloak
rCorr   .            (no gloves)
SInv    .            l - +0 pair of boots
Will    +....        (no amulet) Stlth
                     k - ring of willpower
HPRegen 0.30/turn    (no ring)
MPRegen 0.10/turn

%: no passive effects
@: mighty, lethally poisoned (-1 -> -5)
A: no striking features
a: Renounce Religion


You were on level 4 of the Dungeon.
You worshipped Okawaru.
Okawaru was noncommittal.
You visited 1 branch of the dungeon, and saw 6 of its levels.

You collected 180 gold pieces.

Inventory:

Hand Weapons
 a - a +0 war axe (weapon)
Missiles
 j - 9 poisoned darts (quivered)
 u - 6 boomerangs
Armour
 b - a +0 scale mail (worn)
 c - a +0 buckler
 l - a +0 pair of boots (worn)
 m - a +2 buckler (worn)
 s - a +0 cloak (worn)
Jewellery
 k - a ring of willpower (left hand)
Scrolls
 f - a scroll of blinking
 h - 3 scrolls of noise {unknown}
 p - 7 scrolls of identify
 r - a scroll of immolation {unknown}
 t - a scroll of acquirement {unknown}
 w - a scroll of revelation {unknown}
Potions
 e - a potion of lignification
 i - 2 potions of heal wounds {unknown}
 n - a potion of mutation {unknown}
 o - a potion of haste {unknown}
 q - 6 potions of enlightenment
 v - a potion of cancellation {unknown}
 x - a potion of brilliance {unknown}


   Skills:
 + Level 5.5 Fighting
 + Level 7.6 Axes
 + Level 5.3 Armour
 - Level 3.2 Shields


You had 6 spell levels left.
You didn't know any spells.
Your spell library contained the following spells:

 Spells                   Type           Power      Damage    Failure   Level
 Magic Dart               Conj           0%         1d3       80%         1
 Blink                    Tloc           0%         N/A       91%         2
 Ensorcelled Hibernation  Hex/Ice        0%         N/A       91%         2
 Lesser Beckoning         Tloc           0%         N/A       91%         2
 Momentum Strike          Conj/Tloc      0%         3d8       91%         2
 Searing Ray              Conj           0%         2d4       91%         2
 Sublimation of Blood     Necr           0%         N/A       91%         2
 Fugue of the Fallen      Necr           0%         N/A       99%         3
 Anguish                  Hex/Necr       0%         N/A       100%        4
 Fulminant Prism          Conj/Alch      0%         3d5       100%        4
 Petrify                  Alch/Erth      0%         N/A       100%        4
 Irradiate                Conj/Alch      0%         3d11      100%        5
 Summon Small Mammal      Summ           Unusable   N/A       N/A         1
 Call Canine Familiar     Summ           Unusable   N/A       N/A         3
 Summon Blazeheart Golem  Fire/Summ      Unusable   N/A       N/A         4

Dungeon Overview and Level Annotations

Branches:
Dungeon (6/15)
 Temple: D:4-7

Altars:
Hepliaklqana
Okawaru

Annotations:
D:4 Ijyb


Message History

You feel very sick.
Ijyb hits you with a +2 dagger of venom.
You are more poisoned.
You hit Ijyb.
Ijyb is moderately wounded.
You feel very sick. Ijyb completely misses you.
You barely miss Ijyb.
Ijyb is moderately wounded.
You feel very sick.
Ijyb zaps a wand.
The puff of flame hits you!
* * * LOW HITPOINT WARNING * * *
You feel better. Ijyb hits you but does no damage.
You are poisoned.
You feel better. You block Ijyb's attack.
You feel very mighty all of a sudden.
Ijyb zaps a wand.
The puff of flame hits you.
You barely miss Ijyb.
Ijyb is moderately wounded.
Ijyb hits you with a +2 dagger of venom.
* * * LOW HITPOINT WARNING * * *
You are poisoned.
You barely miss Ijyb.
Ijyb is moderately wounded.
You feel very sick. Ijyb barely misses you.
Ijyb zaps a wand.
The puff of flame hits you.
* * * LOW HITPOINT WARNING * * *
You hit Ijyb but do no damage.
Ijyb is moderately wounded.
* * * LOW HITPOINT WARNING * * *
You feel sick. Ijyb closely misses you.
You hit Ijyb but do no damage.
Ijyb is moderately wounded.
* * * LOW HITPOINT WARNING * * *
You feel sick.
Ijyb hits you with a +2 dagger of venom.
* * * LOW HITPOINT WARNING * * *
You barely miss Ijyb.
Ijyb is moderately wounded.
You die...

###'##### #.# ##......##
#.## #........# +..#
#...##...# +..#
.!#..####..# #..#
..#..####..# #..
...#...##...# #g#
....#........#
##@##....##......##
#†.......#####'###.
###........# #.....
##.#..##..### ######
##..#..################
##...#.......#..........
#...##..##...'..........
#..†##..##..##'###..##..
#.......##..##..##..##..


You could see Ijyb.

Vanquished Creatures
  A black bear (D:5)
  A centaur (D:6)
  3 hounds (D:5)
  2 gnoll boudas (D:5)
  An iguana (D:5)
  7 gnolls (D:5)
  6 adders
  2 ufetubi (D:5)
  A ribbon worm (D:5)
  2 dart slugs
  12 orcs
  8 endoplasms
  2 giant cockroaches
  7 goblins
  6 hobgoblins
  A quokka (D:3)
  5 ball pythons
  3 bats
  2 frilled lizards (D:1)
  3 kobolds
  10 rats
85 creatures vanquished.

Notes
Turn   | Place    | Note
-------+----------+-------------------------------------------
     0 | D:1      | Marvel the Hill Orc Fighter began the quest for the Orb.
     0 | D:1      | Reached XP level 1. HP: 19/19 MP: 1/1
    73 | D:1      | Reached XP level 2. HP: 26/27 MP: 2/2
    75 | D:1      | Reached skill level 3 in Axes
   476 | D:1      | Reached XP level 3. HP: 33/33 MP: 3/3
   690 | D:2      | Reached skill level 4 in Axes
  1256 | D:3      | Reached XP level 4. HP: 37/40 MP: 4/4
  1535 | D:3      | You fall into a shaft and drop 3 floors!
  1539 | D:6      | Noticed a centaur
  1554 | D:6      | Killed a centaur
  1555 | D:6      | Reached skill level 5 in Axes
  1555 | D:6      | Reached XP level 5. HP: 26/47 MP: 5/5
  1584 | D:5      | Entered Level 5 of the Dungeon
  1684 | D:5      | Found a hazy altar of Hepliaklqana.
  1725 | D:5      | Reached skill level 6 in Axes
  1729 | D:5      | HP: 2/70 [gnoll bouda/+0 whip (6)]
  1735 | D:5      | Reached XP level 6. HP: 5/55 MP: 6/6
  1919 | D:6      | Noticed a black bear
  1934 | D:5      | Reached skill level 5 in Fighting
  1936 | D:5      | Killed a black bear
  2310 | D:5      | Reached skill level 7 in Axes
  2378 | D:5      | Reached skill level 5 in Armour
  2382 | D:5      | Reached XP level 7. HP: 12/61 MP: 7/7
  3061 | D:4      | Found an iron altar of Okawaru.
  3066 | D:4      | Became a worshipper of Warmaster Okawaru
  3152 | D:4      | Noticed Ijyb
  3171 | D:4      | HP: 3/61 [poisoned by Ijyb]
  3172 | D:4      | HP: 1/61 [Ijyb/+2 dagger of venom (2)]
  3173 | D:4      | Succumbed to Ijyb's poison

Illustrated notes

Levels and vault maps discovered:
D:1:      lemuel_arrival_muddy, layout_rooms
D:2:      layout_loops_cross
D:3:      layout_basic, kennysheep_decorative_pillar,
          minmay_misc_feat_diagonals, uniq_natasha
D:4:      layout_gridville, hellmonk_okawaru_the_only_friend_you_need,
          kennysheep_big_empty_room, kennysheep_another_room, uniq_ijyb
D:5:      layout_basic, mainiacjoe_overflow_cross_hatched,
          kennysheep_generic_room_9
D:6:      layout_rooms, lightli_sewer_entry_pipes, nicolae_underground_beach,
          uniq_maggie, uniq_jeremiah, uniq_grinder

Skill      XL: |  1  2  3  4  5  6 |
---------------+-------------------+-----
Axes           | 3 4 5 6 7 |  7.6
Fighting       | 4 5 |  5.5
Armour         | 4 5 |  5.3
Shields        | |  3.2

Action                     |  1- 3 |  4- 6 |  7- 9 || total
---------------------------+-------+-------+-------++-------
  Melee: War axe           |    84 |   106 |    70 ||   260
    Use: Potion            |       |     3 |     3 ||     6
         Scroll            |       |     2 |       ||     2
 Armour: Scale mail        |    60 |   111 |    48 ||   219
         Skin              |       |    13 |       ||    13
  Dodge: Dodged            |    36 |    77 |    26 ||   139
  Block: Buckler           |    28 |    49 |    24 ||   101
